 Dungeon Crawl Stone Soup version 0.31.0-32-g396128a36d (webtiles) character file.

Game seed: 9672135511226095069

151 jagang the Slasher (level 5, 0/41 HPs)
             Began as a Human Monk on Mar 12, 2024.
             Slain by an ice beast (3 damage)
             ... on level 5 of the Dungeon.
             The game lasted 00:05:08 (2319 turns).

jagang the Slasher (Human Monk)                     Turns: 2319, Time: 00:05:08

Health: 0/41       AC: 11    Str: 11    XL:     5   Next: 33%
Magic:  5/5        EV:  7    Int:  9    God:
Gold:   163        SH:  0    Dex: 18    Spells: 4/4 levels left

rFire   . . .        e - +0 rapier
rCold   . . .        d - orb {light}
rNeg    + . .        b - +0 chain mail
rPois   +            (no helmet)
rElec   .            o - +2 ratskin cloak {*Rats rPois rN+ Str-1 Int-1 Dex+1}
rCorr   .            (no gloves)
SInv    .            (no boots)
Will    .....        (no amulet) Stlth
                     (no ring)
HPRegen 0.26/turn    (no ring)
MPRegen 0.09/turn

%: no passive effects
@: glowing
A: explore regen
a: no special abilities


You were on level 5 of the Dungeon.
You visited 1 branch of the dungeon, and saw 4 of its levels.

You collected 163 gold pieces.

Inventory:

Hand Weapons
 a - a +0 falchion
 e - a +0 rapier (weapon)
 f - a +0 dagger of pain
Armour
 b - a +0 chain mail (worn)
 d - an orb of light (worn)
 o - the +2 ratskin cloak (worn) {*Rats rPois rN+ Str-1 Int-1 Dex+1}
   (You found it on level 2 of the Dungeon)

   *Rats:     When the wearer is hurt, rats may emerge from it to assist them.
   Str-1:     It affects your strength (-1).
   Int-1:     It affects your intelligence (-1).
   Dex+1:     It affects your dexterity (+1).
   rPois:     It protects you from poison rN+: It protects you from negative
   energy.
Jewellery
 i - a ring of protection from fire
Wands
 m - a wand of light (8)
Scrolls
 g - a scroll of enchant armour {unknown}
 j - a scroll of revelation {unknown}
 k - a scroll of teleportation {unknown}
 l - 2 scrolls of immolation
 n - a scroll of fear {unknown}
 p - a scroll of blinking {unknown}
 s - a scroll of poison {unknown}
Potions
 c - a potion of ambrosia
 h - a potion of brilliance {unknown}
 q - a potion of cancellation {unknown}
 r - a potion of berserk rage {unknown}


   Skills:
 + Level 3.5 Fighting
 + Level 1.5(3.1) Short Blades
 * Level 4.3(4.4) Long Blades
 + Level 1.6 Armour
 + Level 3.5 Dodging


You had 4 spell levels left.
You didn't know any spells.
Your spell library was empty.

Dungeon Overview and Level Annotations

Branches:
Dungeon (3/15)

Altars:
Trog

Portals:
Ossuary: D:5

Annotations:
D:3 1 transporter, BigDaddyOpFi's ghost, amateur HOMo


Innate Abilities, Weirdness & Mutations

You regain HP and MP as you explore.


Message History

The ice beast hits you but does no damage.
The orc wizard shouts!
You hit the ice beast.
The ice beast is severely wounded.
You hear a shout!
The ice beast barely misses you.
The orc wizard hits you but does no damage.
You hit the ice beast.
The ice beast is severely wounded.
The ice beast completely misses you.
The orc wizard points at you and mumbles some strange words.
The magic dart hits you but does no damage.
The orc wizard hits you but does no damage.
The ice beast hits you but does no damage.
You closely miss the orc wizard. The ice beast hits you.
The ice beast freezes you. The orc wizard closely misses you.
You hit the orc wizard.
The orc wizard is moderately wounded.
The ice beast hits you. The ice beast freezes you.
The orc wizard barely misses you.
An orc priest comes into view. It is wielding a +0 dagger.
You hit the orc wizard but do no damage.
The orc wizard is moderately wounded.
The ice beast closely misses you.
The orc wizard hits you but does no damage.
You hit the orc wizard.
The orc wizard is severely wounded.
The ice beast hits you. The ice beast freezes you!
* * * LOW HITPOINT WARNING * * *
The orc wizard hits you but does no damage.
You barely miss the orc wizard.
The orc wizard is severely wounded.
The ice beast hits you but does no damage.
The orc wizard casts a spell at you. The puff of flame hits you!
* * * LOW HITPOINT WARNING * * *
You hit the orc wizard but do no damage.
The orc wizard is severely wounded.
The ice beast hits you.
You die...

#..........# .
#####......#
####'...## .
...#...#....# ##..
.∩.#.>.##...##....
...#...##.#......
#########.#..#....o
...#... ##o.## #.o.
#.>.#.>.##@#.## #...
#...#...#Y##..##....
+## ##'o.##.#....(
##...##........
##......).....#
#...)....#....#
#........#.#.##
#######.......
.#......


You could see an ice beast, an orc wizard and an orc.

Vanquished Creatures
  An orc wizard (D:5)
  4 gnolls (D:3)
  2 dart slugs (D:1)
  A ribbon worm (D:2)
  5 orcs (D:5)
  5 bats
  5 endoplasms
  2 giant cockroaches
  4 goblins
  8 hobgoblins
  7 jackals
  4 quokkas
  8 ball pythons
  5 frilled lizards
  3 kobolds
  3 rats
67 creatures vanquished.

Vanquished Creatures (collateral kills)
  An orc (D:5)
  An endoplasm (D:3)
2 creatures vanquished.

Grand Total: 69 creatures vanquished

Notes
Turn   | Place    | Note
-------+----------+-------------------------------------------
     0 | D:1      | jagang the Human Monk began the quest for the Orb.
     0 | D:1      | Reached XP level 1. HP: 18/18 MP: 1/1
   356 | D:1      | Reached XP level 2. HP: 21/24 MP: 2/2
   750 | D:1      | Reached XP level 3. HP: 29/29 MP: 3/3
  1031 | D:1      | Reached skill level 1 in Armour
  1397 | D:2      | Reached skill level 1 in Short Blades
  1580 | D:2      | Found the +2 ratskin cloak {*Rats rPois rN+ Str-1 Int-1
                  | Dex+1}
  1601 | D:2      | Reached XP level 4. HP: 35/35 MP: 4/4
  1883 | D:3      | Reached skill level 4 in Long Blades
  2087 | D:3      | Found a transporter.
  2088 | D:3      | Noticed BigDaddyOpFi's ghost (amateur HOMo)
  2093 | D:3      | You fall into a shaft and drop 2 floors!
  2093 | D:5      | Entered Level 5 of the Dungeon
  2132 | D:5      | Reached XP level 5. HP: 26/41 MP: 5/5
  2272 | D:5      | Found a sand-covered staircase.
  2287 | D:5      | Found a bloodstained altar of Trog.
  2289 | D:5      | Noticed an ice beast
  2319 | D:5      | Slain by an ice beast

Illustrated notes

Levels and vault maps discovered:
D:1:      dpeg_cavernosity, layout_basic
D:2:      layout_rooms, minmay_fountain_box, minivault_24
D:3:      layout_loops_ring, gammafunk_ghost_stat_death,
          hellmonk_ecumenical_altar_heavens_door
D:5:      layout_cave_pools, mainiacjoe_overflow_paths,
          nicolae_ossuary_entry_false_entrances

Skill      XL: |  1  2  3  4 |
---------------+-------------+-----
Armour         | 1 |  1.6
Short Blades   | 1 |  1.5
Long Blades    | 4 |  4.3
Fighting       | |  3.5
Dodging        | |  3.5

Action                     |  1- 3 |  4- 6 || total
---------------------------+-------+-------++-------
  Melee: Dagger            |   159 |       ||   159
         Rapier            |    27 |   117 ||   144
    Use: Scroll            |       |     1 ||     1
 Armour: Robe              |    14 |       ||    14
         Chain mail        |   118 |   102 ||   220
         Ring mail         |     6 |       ||     6
  Dodge: Dodged            |    95 |    40 ||   135
